Workbook

Sheet Summary
B2: Go Up a Level | M2: Treasures | P2: Item Bonus | S2: Door | V2: Monster Levels
B3: Count: | C3: =COUNTIF(Treasure!$G$2:$G$90,"Go Up a Level*") -> 9 | M3: Count: | N3: =COUNTA(Treasure!A2:A90) -> 72 | P3: 3 | S3: Count: | T3: =COUNTA(Door!A2:A190) -> 94 | V3: 10
B4: Probability: | C4: =C3/N3 -> 0.125 | P4: 2 | V4: 8
P5: 4 | V5: 12
P6: 3 | V6: 18
P7: 2 | V7: 1
P8: 3 | V8: 1
B9: Class/Race Cards | C9: Dwarf | D9: Elf | E9: Halfling | F9: Cleric | G9: Thief | H9: Warrior | I9: Wizard | P9: 3 | V9: 8
B10: Count: | C10: =COUNTIF(Door!$A$2:$A$190,"Dwarf") -> 3 | D10: =COUNTIF(Door!$A$2:$A$190,"Elf") -> 3 | E10: =COUNTIF(Door!$A$2:$A$190,"Halfling") -> 3 | F10: =COUNTIF(Door!$A$2:$A$190,"Cleric") -> 3 | G10: =COUNTIF(Door!$A$2:$A$190,"Thief") -> 3 | H10: =COUNTIF(Door!$A$2:$A$190,"Warrior") -> 3 | I10: =COUNTIF(Door!$A$2:$A$190,"Wizard") -> 3 | P10: 4 | V10: 10
B11: Treasures Affected: | C11: =COUNTIF(Treasure!$F$2:$F$90,"Only Dwarf") -> 2 | D11: =COUNTIF(Treasure!$F$2:$F$90,"Only Elf")+COUNTIFS(Treasure!$G$2:$G$90,"*Elves*",Treasure!$F$2:$F$90,"") -> 4 | E11: =COUNTIF(Treasure!$F$2:$F$90,"Only Halfling")+COUNTIFS(Treasure!$G$2:$G$90,"*Halflings*",Treasure!$F$2:$F$90,"") -> 2 | F11: =COUNTIF(Treasure!$F$2:$F$90,"Only Cleric") -> 2 | G11: =COUNTIF(Treasure!$F$2:$F$90,"Only Thief") -> 2 | H11: =COUNTIF(Treasure!$F$2:$F$90,"Only Warrior") -> 1 | I11: =COUNTIF(Treasure!$F$2:$F$90,"Only Wizard") -> 2 | P11: 3 | V11: 2
B12: Doors Affected: | C12: =COUNTIFS(Door!$G$2:$G$190,"*Dwarf*")+COUNTIFS(Door!$F$2:$F$190,"*Dwarf*")+COUNTIFS(Door!$G$2:$G$190,"*Dwarves*")+COUNTIFS(Door!$F$2:$F$190,"*Dwarves*") -> 3 | D12: 4 | E12: =COUNTIFS(Door!$G$2:$G$190,"*Halfling*")+COUNTIFS(Door!$F$2:$F$190,"*Halfling*") -> 1 | F12: =COUNTIFS(Door!$G$2:$G$190,"*Cleric*")+COUNTIFS(Door!$F$2:$F$190,"*Cleric*") -> 6 | G12: 0 | H12: =COUNTIFS(Door!$G$2:$G$190,"*Warrior*")+COUNTIFS(Door!$F$2:$F$190,"*Warrior*") -> 2 | I12: =COUNTIFS(Door!$G$2:$G$190,"*Wizard*")+COUNTIFS(Door!$F$2:$F$190,"*Wizard*") -> 3 | P12: 1 | V12: 8
P13: 2 | V13: 2
P14: 3 | V14: 8
P15: 4 | V15: 4
P16: 1 | V16: 16
P17: 1 | V17: 14
P18: 1 | V18: 16
P19: 3 | V19: 1
B20: Monsters | P20: 1 | V20: 2
B21: Count: | C21: =COUNTIF(Door!$B$2:$B$190,"Monster")+COUNTIF(Door!$B$2:$B$190,"Undead Monster") -> 37 | D21: =37/T3 -> 0.39361702 | P21: 3 | V21: 6
B22: Undead: | C22: =COUNTIF(Door!$B$2:$B$190,"Undead Monster") -> 4 | D22: =C22/T3 -> 0.042553191 | P22: 4 | V22: 4
B23: Average Level: | C23: 8.08 | P23: 3 | V23: 1
P24: 3 | V24: 2
P25: 3 | V25: 10
P26: 3 | V26: 2
P27: 1 | V27: 6
P28: 3 | V28: 20
P29: 4 | V29: 1
P30: 3 | V30: 6
P31: 2 | V31: 6
P32: 1 | V32: 4
P33: 2 | V33: 18
P34: 1 | V34: 14
P35: 5 | V35: 12
... P37: 4 | V37: 14
O38: Sum: | P38: =SUM(P3:P37) -> 92 | V38: 12
O39: Average: | P39: =AVERAGE(P3:P37) -> 2.6285714 | V39: 16
O40: Median: | P40: =MEDIAN((P3:P37)) -> 3 | U40: Sum: | V40: =SUM(V3:V39) -> 299
U41: Average: | V41: =AVERAGE(V3:V39) -> 8.0810811
U42: Median: | V42: =MEDIAN(V3:V39) -> 8

Sheet Treasure
A1: Name | B1: Bonus | C1: Size | D1: Limits | E1: Value | F1: Class Restriction | G1: Text
A2: 1,000 Gold Pieces | B2: N/A | C2: N/A | D2: N/A | E2: N/A | F2: N/A | G2: Go Up a Level
A3: Bad-Ass Bandana | B3: 3 | C3: Small | D3: Headgear | E3: 400 | F3: Only Human | G3: N/A
A4: Boil an Anthill | B4: N/A | C4: N/A | D4: N/A | E4: N/A | F4: N/A | G4: Go Up a Level
A5: Boots of Butt-Kicking | B5: 2 | C5: Small | D5: Footgear | E5: 400 | F5: N/A | G5: N/A
A6: Boots of Running Really Fast | B6: N/A | C6: Small | D6: Footgear | E6: 400 | F6: N/A | G6: Gives you +2 to Run Away.
A7: Bow With Ribbons | B7: 4 | C7: Small | D7: 2 Hands | E7: 800 | F7: Only Elf | G7: N/A
A8: Bribe GM With Food | B8: N/A | C8: N/A | D8: N/A | E8: N/A | F8: N/A | G8: Go Up a Level
A9: Broad Sword | B9: 3 | C9: Small | D9: 1 Hand | E9: 400 | F9: Only Female | G9: N/A
A10: Buckler of Swashing | B10: 2 | C10: Small | D10: 1 Hand | E10: 400 | F10: N/A | G10: N/A
A11: Chainsaw of Bloody Dismemberment | B11: 3 | C11: Big | D11: 2 Hands | E11: 600 | F11: N/A | G11: N/A
A12: Cheese Grater of Peace | B12: 3 | C12: Small | D12: 1 Hand | E12: 400 | F12: Only Cleric | G12: N/A
A13: Cloak of Obscurity | B13: 4 | C13: Small | D13: N/A | E13: 600 | F13: Only Thief | G13: N/A
A14: Convenient Addition Error | B14: N/A | C14: N/A | D14: N/A | E14: N/A | F14: N/A | G14: Go Up a Level
A15: Cotion of Ponfusion | B15: N/A | C15: Small | D15: N/A | E15: 100 | F15: N/A | G15: Use during any combat. +3 to either side. Usable once only.
A16: Dagger of Treachery | B16: 3 | C16: Small | D16: 1 Hand | E16: 400 | F16: Only Thief | G16: N/A
A17: Doppleganger | B17: N/A | C17: Small | D17: N/A | E17: 300 | F17: N/A | G17: Summons your exact duplicate, who fights beside you, so you double your combat strength. You may use the Doppleganger only when you are the only player in the combat. Usable once only.
A18: Electric Radioactive Acid Potion | B18: N/A | C18: Small | D18: N/A | E18: 200 | F18: N/A | G18: Use during any combat. +5 to either side. Usable once only.
A19: Eleven-Foot Pole | B19: 1 | C19: Small | D19: 2 Hands | E19: 200 | F19: N/A | G19: N/A
A20: Flaming Armor | B20: 2 | C20: Small | D20: Armor | E20: 400 | F20: N/A | G20: N/A
A21: Flaming Poison Potion | B21: N/A | C21: Small | D21: N/A | E21: 100 | F21: N/A | G21: Use during any combat. +3 to either side. Usable once only.
A22: Flask of Glue | B22: N/A | C22: Small | D22: N/A | E22: 100 | F22: N/A | G22: Use when someone successfully escapes a combat for any reason. They must re-roll their escape (even if it was automatic the first time). Usable once only.
A23: Freezing Explosive Potion | B23: N/A | C23: Small | D23: N/A | E23: 100 | F23: N/A | G23: Use during any combat. +3 to either side. Usable once only.
A24: Friendship Potion | B24: N/A | C24: Small | D24: N/A | E24: 200 | F24: N/A | G24: Use during any combat. Discard all monsters in the combat. No treasure is gained, but the player may Loot The Room. Usable once only.
A25: Gentlemen's Club | B25: 3 | C25: Small | D25: 1 Hand | E25: 400 | F25: Only Male | G25: N/A
A26: Hammer of Kneecapping | B26: 4 | C26: Small | D26: 1 Hand | E26: 600 | F26: Only Dwarf | G26: N/A
A27: Helm of Courage | B27: 1 | C27: Small | D27: Headgear | E27: 200 | F27: N/A | G27: N/A
A28: Hireling | B28: 1 | C28: Small | D28: N/A | E28: N/A | F28: N/A | G28: Allows you to carry and use one extra item, even if you could not otherwise. If you lose your Hireling, the item goes, too. You may discard your hireling for an automatic escape from any monster. Keep this card in front of you, with your Treasures.
A29: Hoard! | B29: N/A | C29: N/A | D29: N/A | E29: N/A | F29: N/A | G29: Draw 3 more Treasure cards immediately. They are face-down if you drew this card face-down; otherwise, they are face-up.
A30: Horny Helmet | B30: 1 | C30: Small | D30: Headgear | E30: 600 | G30: +3 for Elves
A31: Huge Rock | B31: 3 | C31: Big | D31: 2 Hands | E31: No Value | F31: N/A | G31: N/A
A32: Invisibility Potion | B32: N/A | C32: Small | D32: N/A | E32: 200 | F32: N/A | G32: Use when your Run Away roll fails. You escape automatically. Usable once only.
A33: Invoke Obscure Rules | B33: N/A | C33: N/A | D33: N/A | E33: N/A | F33: N/A | G33: Go Up a Level
A34: Kill the Hireling | B34: N/A | C34: N/A | D34: N/A | E34: N/A | F34: N/A | G34: Go Up a Level. You can use this card only if a Hireling is in play (no matter who owns him). Discard the Hireling.
A35: Kneepads of Allure | B35: N/A | C35: Small | D35: N/A | E35: 600 | F35: N/A | G35: No player with a Level higher than yours can refuse your request for help against a monster, or even ask for a reward. You cannot gain the winning level in a combat where your helper was compelled by the Kneepads.
A36: Leather Armor | B36: 1 | C36: Small | D36: Armor | E36: 200 | F36: N/A | G36: N/A
A37: Limburger and Anchovy Sandwich | B37: 3 | C37: Small | D37: N/A | E37: 400 | F37: Only Halfling | G37: N/A
A38: Loaded Die | B38: N/A | C38: Small | D38: N/A | E38: 300 | F38: N/A | G38: Play after you roll the die, for any reason. Turn the die so the number of your choice is on top. That's your roll.
A39: Mace of Sharpness | B39: 4 | C39: Small | D39: 1 Hand | E39: 600 | F39: Only Cleric | G39: N/A
A40: Magic Lamp | B40: N/A | C40: Small | D40: N/A | E40: 500 | F40: N/A | G40: You may use the Lamp only on your turn. It summons a genie who makes a single monster vanish, even if you had already failed your Run Away roll and it was about to catch you. If it was the only monster you were facing, you may take its treasure but you don't gain a level. Usable once only.
A41: Magic Missile | B41: N/A | C41: Small | D41: N/A | E41: 300 | F41: N/A | G41: Use during any combat. +5 to either side. Usable once only.
A42: Mithril Armor | B42: 3 | C42: Big | D42: Armor | E42: 600 | F42: No Wizard | G42: N/A
A43: Mutilate the Bodies | B43: N/A | C43: N/A | D43: N/A | E43: N/A | F43: N/A | G43: Go Up a Level. This card can be played only after combat, but it does not have to be your combat.
A44: Nasty-Tasting Sports Drink | B44: N/A | C44: Small | D44: N/A | E44: 200 | F44: N/A | G44: Use during any combat. +2 to either side. Usable once only.
A45: Pantyhose of Giant Strength | B45: 3 | C45: Small | D45: N/A | E45: 600 | F45: No Warrior | G45: N/A
A46: Pointy Hat of Power | B46: 3 | C46: Small | D46: Headgear | E46: 400 | F46: Only Wizard | G46: N/A
A47: Pollymorph Potion | B47: N/A | C47: Small | D47: N/A | E47: 1300 | F47: N/A | G47: Use during any combat. Turns any one monster into a parrot, which flies away, leaving its treasure behind. Usable once only.
A48: Potion of General Studliness | B48: N/A | C48: N/A | D48: N/A | E48: N/A | F48: N/A | G48: Go Up a Level
A49: Potion of Halitosis | B49: N/A | C49: Small | D49: N/A | E49: 100 | F49: N/A | G49: Use during any combat. +2 to either side, or instantly kills the Floating Nose. Usable once only.
A50: Potion of Idiotic Bravery | B50: N/A | C50: Small | D50: N/A | E50: 100 | F50: N/A | G50: Use during any combat. +2 to either side. Usable once only.
A51: Pretty Balloons | B51: N/A | C51: Small | D51: N/A | E51: No Value | F51: N/A | G51: Use during any combat, for distraction. +5 to either side. Usable once only.
A52: Rapier of Unfairness | B52: 3 | C52: Small | D52: 1 Hand | E52: 600 | F52: Only Elf | G52: N/A
A53: Rat on a Stick | B53: 1 | C53: Small | D53: 1 Hand | E53: No Value | F53: N/A | G53: Hey, it's better than nothing! You may discard this item, even if you are only carrying it, for an automatic escape from any monster of Level 8 or below.
A54: Really Impressive Title | B54: 3 | C54: Small | D54: N/A | E54: N/A | F54: N/A | G54: N/A
A55: Sandals of Protection | B55: N/A | C55: Small | D55: Footgear | E55: 700 | F55: N/A | G55: Curse cards which you draw when kicking down a door have no effect. (Curses cast by other players will still affect you.)
A56: Shield of Ubiquity | B56: 4 | C56: Big | D56: 1 Hand | E56: 600 | F56: Only Warrior | G56: N/A
A57: Short Wide Armor | B57: 3 | C57: Small | D57: Armor | E57: 400 | F57: Only Dwarf | G57: N/A
A58: Singing & Dancing Sword | B58: 2 | C58: Small | D58: N/A | E58: 400 | F58: No Thief | G58: N/A
A59: Sleep Potion | B59: N/A | C59: Small | D59: N/A | E59: 100 | F59: N/A | G59: Use during any combat. +2 to either side. Usable once only.
A60: Slimy Armor | B60: 1 | C60: Small | D60: Armor | E60: 200 | F60: N/A | G60: N/A
A61: Sneaky Bastard Sword | B61: 2 | C61: Small | D61: 1 Hand | E61: 400 | F61: N/A | G61: N/A
A62: Spiky Knees | B62: 1 | C62: Small | D62: N/A | E62: 200 | F62: N/A | G62: N/A
A63: Staff of Napalm | B63: 5 | C63: Small | D63: 1 Hand | E63: 800 | F63: Only Wizard | G63: N/A
A64: Steal a Level | B64: N/A | C64: N/A | D64: N/A | E64: N/A | F64: N/A | G64: Pick one player to steal a level from. You go up one. He goes down one.
A65: Stepladder | B65: 3 | C65: Big | D65: N/A | E65: 400 | F65: Only Halfling | G65: N/A
A66: Swiss Army Polearm | B66: 4 | C66: Big | D66: 2 Hands | E66: 600 | F66: Only Human | G66: N/A
A67: Transferral Potion | B67: N/A | C67: Small | D67: N/A | E67: 300 | F67: N/A | G67: Play during any combat. Any other player (your choice) fights the monster(s), may ask for help normally, and gets the treasure and levels if he wins. The original player then resumes his turn, and may Loot The Room whether the combat was won or lost. Usable once only.
A68: Tuba of Charm | B68: N/A | C68: Big | D68: 1 Hand | E68: 300 | F68: N/A | G68: This melodious instrument captivates your foes, giving you +3 to Run Away. If you successfully escape combat, snag a face-down Treasure on your way out.
A69: Wand of Dowsing | B69: N/A | C69: Small | D69: N/A | E69: 1100 | F69: N/A | G69: Go through the discards to find any one card you want. Take that card and discard this one.
A70: Whine at the GM | B70: N/A | C70: N/A | D70: N/A | E70: N/A | F70: N/A | G70: Go Up a Level. You can't use this if you are currently the highest-Level player, or tied for highest.
A71: Wishing Ring | B71: N/A | C71: Small | D71: N/A | E71: 500 | F71: N/A | G71: Cancels any curse. Play at any time. Usable once only.
A72: Wishing Ring | B72: N/A | C72: Small | D72: N/A | E72: 500 | F72: N/A | G72: Cancels any curse. Play at any time. Usable once only.
A73: Yuppie Water | B73: N/A | C73: Small | D73: N/A | E73: 100 | F73: Only Elf | G73: Use during any combat. Usable once only, and only to help Elves. +2 to each Elf in the battle.

Sheet Door
A1: Name | B1: Type | C1: Monster Level | D1: Levels Gained | E1: Treasure | F1: Bad Stuff | G1: Text
A2: 3,872 Orcs | B2: Monster | C2: 10 | D2: 1 | E2: 3 | F2: Roll a die. On a 2 or less, they stomp you to death. Otherwise, lose as many levels as the die shows. | G2: +6 against Dwarves, due to ancient grudges.
A3: Amazon | B3: Monster | C3: 8 | D3: 1 | E3: 2 | F3: You have had your butt kicked by a woman. Your macho munchkin pride is lost. Lose your Class(es). If you already had no Class, lose 3 levels. | G3: Will not attack females; just gives them 1 Treasure instead.
A4: Ancient | B4: Enhancer | C4: N/A | D4: N/A | E4: N/A | F4: N/A | G4: +10 to Monster. Play during combat. If the monster is defeated, draw two extra Treasures.
A5: Baby | B5: Enhancer | C5: N/A | D5: N/A | E5: N/A | F5: N/A | G5: Play during combat. If the monster is defeated, draw 1 fewer Treasure (minimum of 1).
A6: Bigfoot | B6: Monster | C6: 12 | D6: 1 | E6: 3 | F6: Stomps you flat and eats your hat. Lose the Headgear you were wearing. | G6: +3 against Dwarves.
A7: Bullrog | B7: Monster | C7: 18 | D7: 2 | E7: 5 | F7: You are flayed to death. | G7: Will not pursue anyone of Level 4 or below.
A8: Cheat! | C8: N/A | D8: N/A | E8: N/A | F8: N/A | G8: Play this card with an Item card you have in play, or when you play an Item card from your hand. This item is legal for you to use even if it otherwise would not be. Discard this card when you lose (sell, etc.) the attached item.
A9: Cleric | B9: Class | C9: N/A | D9: N/A | E9: N/A | F9: N/A | G9: Resurrection: When it is time for you to draw cards face-up, you may instead take some or all from the top of the appropriate discard pile. You must then discard one card from your hand for each card so drawn. Turning: You may discard up to 3 cards in combat against an Undead creature. Each discard gives you a +3 bonus.
A10: Cleric | B10: Class | C10: N/A | D10: N/A | E10: N/A | F10: N/A | G10: Resurrection: When it is time for you to draw cards face-up, you may instead take some or all from the top of the appropriate discard pile. You must then discard one card from your hand for each card so drawn. Turning: You may discard up to 3 cards in combat against an Undead creature. Each discard gives you a +3 bonus.
A11: Cleric | B11: Class | C11: N/A | D11: N/A | E11: N/A | F11: N/A | G11: Resurrection: When it is time for you to draw cards face-up, you may instead take some or all from the top of the appropriate discard pile. You must then discard one card from your hand for each card so drawn. Turning: You may discard up to 3 cards in combat against an Undead creature. Each discard gives you a +3 bonus.
A12: Crabs | B12: Monster | C12: 1 | D12: 1 | E12: 1 | F12: Discard armor and all items worn below the waist. | G12: Cannot be Outrun!
A13: Curse! | B13: Curse | C13: N/A | D13: N/A | E13: N/A | F13: N/A | G13: Lose a Level.
A14: Curse! | B14: Curse | C14: N/A | D14: N/A | E14: N/A | F14: N/A | G14: Lose a Level.
A15: Curse! | B15: Curse | C15: N/A | D15: N/A | E15: N/A | F15: N/A | G15: Lose the Armor You Are Wearing
A16: Curse! | B16: Curse | C16: N/A | D16: N/A | E16: N/A | F16: N/A | G16: Lose the Footgear You Are Wearing
A17: Curse! | B17: Curse | C17: N/A | D17: N/A | E17: N/A | F17: N/A | G17: Lose the Headgear You Are Wearing
A18: Curse! Change Class | B18: Curse | C18: N/A | D18: N/A | E18: N/A | F18: N/A | G18: If you have no Class now, this curse has no effect. Otherwise, go back through the discard pile, starting with the top discard. The first Class card you come to rep-laces your current Class(es). If you go through the discards without finding a Class card, you just lose your own Class(es).
A19: Curse! Change Race | B19: Curse | C19: N/A | D19: N/A | E19: N/A | F19: N/A | G19: If you have no Race now, this curse has no effect. Otherwise, go back through the discard pile, starting with the top discard. The first Race card you come to replaces your current Race(s). If you go through the discards without finding a Race card, you just lose your own Race(s).
A20: Curse! Change Sex | B20: Curse | C20: N/A | D20: N/A | E20: N/A | F20: N/A | G20: -5 to your next combat due to distraction. 77:77After that, there is no further penalty. However, the change is permanent.
A21: Curse! Chicken On Your Head | B21: Curse | C21: N/A | D21: N/A | E21: N/A | F21: N/A | G21: -1 to all your die rolls. Any Curse or Bad Stuff that removes your headgear will take the chicken with it.
A22: Curse! Duck of Doom | B22: Curse | C22: N/A | D22: N/A | E22: N/A | F22: N/A | G22: You should know better than to pick up a duck in a dungeon. Lose 2 levels.
A23: Curse! Income Tax | B23: Curse | C23: N/A | D23: N/A | E23: N/A | F23: N/A | G23: Discard one item of your choice. Every other player must now discard an item, or items, totaling at least as much value as the item you discarded. If they don’t' have enough to pay the full tax, they must discard all their items and lose a level.
A24: Curse! Lose 1 Big Item | B24: Curse | C24: N/A | D24: N/A | E24: N/A | F24: N/A | G24: Choose one Big item to discard.
... A29: Curse! Malign Mirror | B29: Curse | C29: N/A | D29: N/A | E29: N/A | F29: N/A | G29: You are cursed! In your next fight (only), you may not get any bonuses from items other than Armor. A Wishing Ring, used before the next fight, will lift the curse.
A30: Divine Intervention | C30: N/A | D30: N/A | E30: N/A | F30: N/A | G30: You must play this card as soon as you get it. All Clerics immediately go up a level. This can be the winning level. If this card makes you win, you are entitled to mock the other players mercilessly.
A31: Drooling Slime | B31: Monster | C31: 1 | D31: 1 | E31: 1 | F31: Discard the Footgear you are wearing. Lose a level if you have no Footgear. | G31: Yucky slime! +4 against Elves.
A32: Dwarf | B32: Race | C32: N/A | D32: N/A | E32: N/A | F32: N/A | G32: You can carry any number of Big items. You can have 6 cards in your hand.
A33: Dwarf | B33: Race | C33: N/A | D33: N/A | E33: N/A | F33: N/A | G33: You can carry any number of Big items. You can have 6 cards in your hand.
A34: Dwarf | B34: Race | C34: N/A | D34: N/A | E34: N/A | F34: N/A | G34: You can carry any number of Big items. You can have 6 cards in your hand.
A35: Elf | B35: Race | C35: N/A | D35: N/A | E35: N/A | F35: N/A | G35: +1 to Run Away. You go up a level for every monster you help someone else kill.
A36: Elf | B36: Race | C36: N/A | D36: N/A | E36: N/A | F36: N/A | G36: +1 to Run Away. You go up a level for every monster you help someone else kill.
A37: Elf | B37: Race | C37: N/A | D37: N/A | E37: N/A | F37: N/A | G37: +1 to Run Away. You go up a level for every monster you help someone else kill.
A38: Enraged | B38: Enhancer | C38: N/A | D38: N/A | E38: N/A | F38: N/A | G38: +5 to Monster. Play during combat. If the monster is defeated, draw one extra Treasure.
A39: Face Sucker | B39: Monster | C39: 8 | D39: 1 | E39: 2 | F39: When it sucks your face off, your Headgear goes with it. Discard the Headgear you are wearing, and lose a level. | G39: It's gross! +6 against Elves.
A40: Floating Nose | B40: Monster | C40: 10 | D40: 1 | E40: 3 | F40: It can sniff you out anywhere. If you lose, you cannot flee; nothing will help you. Lose 3 levels. | G40: If you don't want to fight the Floating Nose, you can bribe it with an item worth at least 200 Gold Pieces, and it will let you go.
A41: Flying Frogs | B41: Monster | C41: 2 | D41: 1 | E41: 1 | F41: They bite! Lose 2 levels. | G41: -1 to Run Away.
A42: Gazebo | B42: Monster | C42: 8 | D42: 1 | E42: 2 | F42: Lose 3 levels. | G42: No one can help you. You must face the Gazebo alone.
A43: Gelatinous Octahedron | B43: Monster | C43: 2 | D43: 1 | E43: 1 | F43: Drop all your Big items. | G43: +1 to Run Away.
A44: Ghoulfiends | B44: Monster | C44: 8 | D44: 1 | E44: 2 | F44: Your Level becomes equal to the lowest Level of any character in play. | G44: No items help against them - fight with your Level only.
A45: Half-Breed | C45: N/A | D45: N/A | E45: N/A | F45: N/A | G45: You may have two Race cards, and have all the advantages and disadvantages of each. Or you may have one Race card and have all of its advantages and none of its disadvantages (for example, monsters that hate Elves will have no bonus against a half-Elf). Lose this card if you lose your Race card(s).
A46: Half-Breed | C46: N/A | D46: N/A | E46: N/A | F46: N/A | G46: You may have two Race cards, and have all the advantages and disadvantages of each. Or you may have one Race card and have all of its advantages and none of its disadvantages (for example, monsters that hate Elves will have no bonus against a half-Elf). Lose this card if you lose your Race card(s).
A47: Halfling | B47: Race | C47: N/A | D47: N/A | E47: N/A | F47: N/A | G47: You may sell one item each turn for double price (other items are at normal price). If you fail your initial Run Away roll, you may discard a card and try once more.
A48: Halfling | B48: Race | C48: N/A | D48: N/A | E48: N/A | F48: N/A | G48: You may sell one item each turn for double price (other items are at normal price). If you fail your initial Run Away roll, you may discard a card and try once more.
A49: Halfling | B49: Race | C49: N/A | D49: N/A | E49: N/A | F49: N/A | G49: You may sell one item each turn for double price (other items are at normal price). If you fail your initial Run Away roll, you may discard a card and try once more.
A50: Harpies | B50: Monster | C50: 4 | D50: 1 | E50: 2 | F50: Their music is really, really bad. Lose 2 levels. | G50: They resist magic. +5 against Wizards.
A51: Help Me Out Here! | C51: N/A | D51: N/A | E51: N/A | F51: N/A | G51: Play this card while you are in combat. Take one item from any other player. At the moment you take it, that item must make the difference between your winning and losing that combat. You may discard something of your own before taking the item, if you wish.
A52: Hippogriff | B52: Monster | C52: 16 | D52: 2 | E52: 4 | F52: You are stomped and chomped. You drop things as you flee. Starting with the player on your right, each player may take one Tresasure card from in front of you or (without looking) from your hand. | G52: Will not pursue anyone of Level 3 or below.
A53: Humongous | B53: Enhancer | C53: N/A | D53: N/A | E53: N/A | F53: N/A | G53: +10 to Monster. Play during combat. If the monster is defeated, draw two extra Treasures.
A54: Illusion | B54: Enhancer | C54: N/A | D54: N/A | E54: N/A | F54: N/A | G54: Play this card during any combat. Discard any one monster in this combat, along with any cards that have been played to modify it, and replace with a monster card from your hand.
A55: Insurance Salesman | B55: Monster | C55: 14 | D55: 1 | E55: 4 | F55: You buy insurance. Lose 1,000 Gold Pieces' worth of items. If you don't have that much, lose all you have. | G55: Your Level does not count. Fight him only with your bonuses!
A56: Intelligent | B56: Enhancer | C56: N/A | D56: N/A | E56: N/A | F56: N/A | G56: +5 to Monster. Play during combat. If the monster is defeated, draw one extra Treasure.
A57: King Tut | B57: Undead Monster | C57: 16 | D57: 2 | E57: 4 | F57: Lose all your items and all cards in your hand. | G57: Will not pursue anyone of Level 3 or below. Higher-Level characters lose 2 levels, even if they escape.
A58: Lame Goblin | B58: Monster | C58: 1 | D58: 1 | E58: 1 | F58: He whacks you with his crutch. Lose a level. | G58: +1 to Run Away.
A59: Large Angry Chicken | B59: Monster | C59: 2 | D59: 1 | E59: 1 | F59: Very Painful pecking. Lose a level.
A60: Lawyers | B60: Monster | C60: 6 | D60: 1 | E60: 2 | F60: He hits you with an injunction. Let each other player draw one card from your hand, starting with the player to your left. Discard any remainder.
A61: Leperchaun | B61: Monster | C61: 4 | D61: 1 | E61: 2 | F61: He takes two items from you - one chosen by the player on either side of you. | G61: He's gross! +5 against Elves.
A62: Mate | B62: Enhancer | C62: N/A | D62: N/A | E62: N/A | F62: N/A | G62: Another monster appears, of the same Level and with all the same Monster Enhancers. If the monsters are defeated, draw tresasure for each and go up levels for each.
A63: Maul Rat | B63: Monster | C63: 1 | D63: 1 | E63: 1 | F63: She whacks you. Lose a level. | G63: A creatures from Hell. +3 against Clerics.
A64: Mr. Bones | B64: Undead Monster | C64: 2 | D64: 1 | E64: 1 | F64: His bony touch costs you 2 levels. | G64: If you must flee, you lose a level even if you escape.
A65: Net Troll | B65: Monster | C65: 10 | D65: 1 | E65: 3 | F65: Screws up the game balance by forcing you to let the player(s) of the highest Level take any one item (each) from you. | G65: He has no special powers, and he's really mad about it.
A66: Out to Lunch | B66: Enhancer | C66: N/A | D66: N/A | E66: N/A | F66: N/A | G66: The monster in this room is on break. Play this card during any combat. The player facing the monster(s) discards them all and draws two Treasure cards immediately.
A67: Pit Bull | B67: Monster | C67: 2 | D67: 1 | E67: 1 | F67: Fang marks in your butt. Lose 2 levels. | G67: If you can't defeat it, you may distract it (automatic escape) by dropping any wand, pole, or staff. (Fetch, Fido!)
A68: Platycore | B68: Monster | C68: 6 | D68: 1 | E68: 2 | F68: Either discard your whole hand or lose 2 levels. | G68: Resists magic. +6 against Wizards.
A69: Plutonium Dragon | B69: Monster | C69: 20 | D69: 2 | E69: 5 | F69: You are roasted and eaten. You are dead. | G69: Will not pursue anyone of Level 5 or below.
A70: Potted Plant | B70: Monster | C70: 1 | D70: 1 | E70: 1 | F70: None. Escape is automatic. | G70: Elves draw an extra Treasure after defeating it.
A71: Pukachu | B71: Monster | C71: 6 | D71: 1 | E71: 2 | F71: Projectile vomiting attack! Discard your whole hand. | G71: Gain an extra level if you defeat it without using help or bonuses.
A72: Shrieking Geek | B72: Monster | C72: 6 | D72: 1 | E72: 2 | F72: You become a normal, boring Human. Discard any Race or Class cards in play. | G72: +6 against Warriors.
A73: Snails on Speed | B73: Monster | C73: 4 | D73: 1 | E73: 2 | F73: They steal your treasure. Roll a die and lose that many items or cards in your hand - your choice. | G73: -2 to Run Away.
A74: Squidzilla | B74: Monster | C74: 18 | D74: 2 | E74: 4 | F74: You are grabbed, slimed, crushed, and gobbled. You are dead, dead, dead. Any questions? | G74: Slimy! Elves are at -4! Will not pursue anyone of Level 4 or below except Elves.
A75: Stoned Golem | B75: Monster | C75: 14 | D75: 1 | E75: 4 | F75: He has the munchies. He eats you. You're dead. | G75: You may choose whether to fight the Stoned Golem or just wave, walk past and let him keep his treasure. (Exception: Halflings look tasty and must fight.)
A76: Super Munchkin | C76: N/A | D76: N/A | E76: N/A | F76: N/A | G76: You may have two Class cards, and have all of the advantages and disadvantages of each. Or you may have one Class card and have all of its advantagesa nd none of its disadvantages (for example, monsters that hate Clerics will have no bonus against a Super Cleric). Lose this card if you lose all your Class card(s).
A77: Super Munchkin | C77: N/A | D77: N/A | E77: N/A | F77: N/A | G77: You may have two Class cards, and have all of the advantages and disadvantages of each. Or you may have one Class card and have all of its advantagesa nd none of its disadvantages (for example, monsters that hate Clerics will have no bonus against a Super Cleric). Lose this card if you lose all your Class card(s).
A78: Thief | B78: Class | C78: N/A | D78: N/A | E78: N/A | F78: N/A | G78: Backstabbing: You may discard a card to backstab another player (-2 in combat). You may do this only once per victim per combat, but if two players are fighting a monster together, you can backstab each of them. Theft: You may discard a card to try to steal a small item carried by another player. Roll a die; 4 or more succeeds. Otherwise, you get whacked and lose a level.
A79: Thief | B79: Class | C79: N/A | D79: N/A | E79: N/A | F79: N/A | G79: Backstabbing: You may discard a card to backstab another player (-2 in combat). You may do this only once per victim per combat, but if two players are fighting a monster together, you can backstab each of them. Theft: You may discard a card to try to steal a small item carried by another player. Roll a die; 4 or more succeeds. Otherwise, you get whacked and lose a level.
A80: Thief | B80: Class | C80: N/A | D80: N/A | E80: N/A | F80: N/A | G80: Backstabbing: You may discard a card to backstab another player (-2 in combat). You may do this only once per victim per combat, but if two players are fighting a monster together, you can backstab each of them. Theft: You may discard a card to try to steal a small item carried by another player. Roll a die; 4 or more succeeds. Otherwise, you get whacked and lose a level.
A81: Tongue Demon | B81: Monster | C81: 12 | D81: 1 | E81: 3 | F81: A really disgusting kiss costs you 2 levels (3 for Elves). | G81: A creature from Hell. +4 against Clerics. You must discard one item (your choice) before combat.
A82: Truly Obnoxious Curse! | B82: Curse | C82: N/A | D82: N/A | E82: N/A | F82: N/A | G82: Lose The Item That Gives You The Biggest Bonus
A83: Undead Horse | B83: Undead Monster | C83: 4 | D83: 1 | E83: 2 | F83: Kicks, bites, and smells awful. Lose 2 levels. | G83: +5 against Dwarves.
A84: Unspeakably Awful Indescribable Horror | B84: Monster | C84: 14 | D84: 1 | E84: 4 | F84: Unspeakably awful death for anyone but a Wizard. A Wizard merely loses his powers - discards the Wizard card. | G84: +4 against Warriors.
A85: Wandering Monster | B85: Enhancer | C85: N/A | D85: N/A | E85: N/A | F85: N/A | G85: Play this card, with a Monster from your hand, when someone (including you!) is in combat. Your monster joins the one already fighting - add their combat strengths. If the character(s) must flee, resolve the Run Away attempts separately, in the order the victim chooses.
A86: Wandering Monster | B86: Enhancer | C86: N/A | D86: N/A | E86: N/A | F86: N/A | G86: Play this card, with a Monster from your hand, when someone (including you!) is in combat. Your monster joins the one already fighting - add their combat strengths. If the character(s) must flee, resolve the Run Away attempts separately, in the order the victim chooses.
A87: Wandering Monster | B87: Enhancer | C87: N/A | D87: N/A | E87: N/A | F87: N/A | G87: Play this card, with a Monster from your hand, when someone (including you!) is in combat. Your monster joins the one already fighting - add their combat strengths. If the character(s) must flee, resolve the Run Away attempts separately, in the order the victim chooses.
A88: Wannabe Vampire | B88: Monster | C88: 12 | D88: 1 | E88: 3 | F88: Blocks the door and tells you about his character. Lose 3 levels. | G88: Instead of fighting, a Cleric can chase the Wannabe Vampire away just by going "booga booga," and take all his Treasure. There is no level increase for this!
A89: Warrior | B89: Class | C89: N/A | D89: N/A | E89: N/A | F89: N/A | G89: Berserking: You may discard up to 3 cards in combat; each one gives you a +1 bonus. You win ties in combat.
A90: Warrior | B90: Class | C90: N/A | D90: N/A | E90: N/A | F90: N/A | G90: Berserking: You may discard up to 3 cards in combat; each one gives you a +1 bonus. You win ties in combat.
A91: Warrior | B91: Class | C91: N/A | D91: N/A | E91: N/A | F91: N/A | G91: Berserking: You may discard up to 3 cards in combat; each one gives you a +1 bonus. You win ties in combat.
A92: Wight Brothers | B92: Undead Monster | C92: 16 | D92: 2 | E92: 4 | F92: You are reduced to Level 1. | G92: Will not pursue anyone of Level 3 or below. Higher-Level characters lose 2 levels, even if they escape.
A93: Wizard | B93: Class | C93: N/A | D93: N/A | E93: N/A | F93: N/A | G93: Flight Spell: You may discard up to 3 cards after rolling the die to Run Away; each one gives you a +1 bonus to flee. Charm Spell: You may discard your whole hand (minimum 3 cards) to charm a single Monster instead of fighting it. Discard the Monster and take its Treasure, but don't gain levels. If there are other monsters in the combat, fight them normally.
A94: Wizard | B94: Class | C94: N/A | D94: N/A | E94: N/A | F94: N/A | G94: Flight Spell: You may discard up to 3 cards after rolling the die to Run Away; each one gives you a +1 bonus to flee. Charm Spell: You may discard your whole hand (minimum 3 cards) to charm a single Monster instead of fighting it. Discard the Monster and take its Treasure, but don't gain levels. If there are other monsters in the combat, fight them normally.
A95: Wizard | B95: Class | C95: N/A | D95: N/A | E95: N/A | F95: N/A | G95: Flight Spell: You may discard up to 3 cards after rolling the die to Run Away; each one gives you a +1 bonus to flee. Charm Spell: You may discard your whole hand (minimum 3 cards) to charm a single Monster instead of fighting it. Discard the Monster and take its Treasure, but don't gain levels. If there are other monsters in the combat, fight them normally.
